 Dungeon Crawl Stone Soup version 0.30-a0-723-gc1506a1cf0 (webtiles) character file.

Game seed: 14511673470650901272

21070 ASSMAN the Tainter (level 12, -4/97 HPs)
             Began as a Demonspawn Venom Mage on Jan 28, 2023.
             Was an Elder of Sif Muna.
             Slain by a bog body (5 damage)
             ... summoned by a worldbinder
             ... in a Gauntlet.
             The game lasted 00:33:43 (15181 turns).

ASSMAN the Tainter (Demonspawn Venom Mage)         Turns: 15181, Time: 00:33:44

Health: -4/97      AC: 19    Str: 15    XL:     12   Next: 50%
Magic:  10/19      EV: 11    Int: 22    God:    Sif Muna [****..]
Gold:   97         SH:  4    Dex: 13    Spells: 11/21 levels left

rFire   . . .      SeeInvis +      - Unarmed
rCold   . . .      Faith    .    (no shield)
rNeg    . . .      Spirit   .    n - +0 acid dragon scales
rPois   +          Reflect  .    P - +1 hat
rElec   .          Harm     .    a - +2 cloak {rPois}
rCorr   +          Rampage  .    D - +2 pair of gloves
Will    .....      NoTele   +    (no boots)
Stlth   +                        c - amulet of regeneration
HPRegen 1.16/turn                N - +6 ring of strength
MPRegen 0.16/turn                x - ring of see invisible

@: corroded, sanguine armoured, slowed, very slow
A: horns 2, powered by death 2, augmentation 1, sanguine armour 3, condensation
shield
a: Renounce Religion, Channel Magic, Forget Spell, Divine Exegesis


You were in a Gauntlet.
You worshipped Sif Muna.
Sif Muna was greatly pleased with you.
You visited 3 branches of the dungeon, and saw 15 of its levels.
You also visited: Gauntlet.

You collected 754 gold pieces.
You spent 657 gold pieces at shops.

Inventory:

Hand Weapons
 v - a +2 trident of electrocution
Missiles
 g - 13 curare-tipped darts
 p - a throwing net
Armour
 a - a +2 cloak of poison resistance (worn)
 n - +0 acid dragon scales (worn)
 D - a +2 pair of gloves (worn)
 O - the +0 chain mail of the Vaults {Contam rN++ Will+ Slay+6}
   (You bought it in a shop on level 1 of the Dungeon)

   Slay:      It affects your accuracy & damage with ranged weapons and melee
   (+6).
   rN:        It greatly protects you from negative energy.
   Contam:    It causes magical contamination when unequipped.
   Will:      It increases your willpower.
 P - a +1 hat (worn)
Magical Staves
 t - a staff of poison
Jewellery
 c - an amulet of regeneration (around neck)
 h - a ring of positive energy
 k - a +4 ring of protection
 u - a ring of flight
 x - a ring of see invisible (right hand)
 y - a +6 ring of dexterity
 N - a +6 ring of strength (left hand)
Wands
 E - a wand of iceblast (13)
 F - a wand of polymorph (5)
 H - a wand of flame (12)
 J - a wand of digging (5)
Scrolls
 b - 9 scrolls of identify
 d - 4 scrolls of fear
 e - 2 scrolls of blinking
 f - 6 scrolls of teleportation
 j - 3 scrolls of enchant weapon
 m - 3 scrolls of poison
 o - 2 scrolls of vulnerability
 w - a scroll of magic mapping
 A - 2 scrolls of amnesia {unknown}
 K - 2 scrolls of summoning
Potions
 i - 3 potions of curing
 l - 3 potions of flight
 q - a potion of attraction
 r - 4 potions of lignification
 s - 3 potions of resistance {unknown}
 z - 2 potions of haste {unknown}
 B - a potion of cancellation {unknown}
 G - a potion of brilliance {unknown}
 I - a potion of ambrosia {unknown}
 L - 2 potions of invisibility {unknown}
 M - a potion of berserk rage {unknown}


   Skills:
 - Level 10.0 Fighting
 + Level 5.8 Armour
 - Level 1.7 Dodging
 - Level 1.7 Stealth
 - Level 10.0 Unarmed Combat
 - Level 5.0 Spellcasting
 + Level 4.2 Conjurations
 - Level 0.8 Transmutations
 - Level 10.0 Poison Magic
 + Level 9.8 Invocations


You had 11 spell levels left.
You knew the following spells:

 Your Spells              Type           Power      Damage    Failure   Level
a - Sting                 Tmut/Pois      100%       1d8       1%          1
b - Poisonous Vapours     Pois/Air       54%        N/A       2%          2
c - Mephitic Cloud        Conj/Pois/Air  26%        N/A       6%          3
d - Olgreb's Toxic Radia  Pois           49%        N/A       2%          4

Your spell library contained the following spells:

 Spells                   Type           Power      Damage    Failure   Level
 Kiss of Death            Conj/Necr      56%        2d9       6%          1
 Ignite Poison            Fire/Tmut/Pois 21%        N/A       10%         3
 Passwall                 Tmut/Erth      5%         N/A       17%         2
 Stone Arrow              Conj/Erth      28%        3d8       17%         3
 Ensorcelled Hibernation  Hex/Ice        10%        N/A       21%         2
 Sublimation of Blood     Necr           5%         N/A       21%         2
 Confusing Touch          Hex            5%         N/A       38%         3
 Ozocubu's Armour         Ice            5%         N/A       38%         3
 Swiftness                Air            5%         N/A       38%         3
 Sticky Flame             Conj/Fire      14%        2d4       50%         4
 Petrify                  Tmut/Erth      7%         N/A       75%         4
 Airstrike                Air            2%         2d(1-17)  80%         4
 Animate Armour           Summ/Erth      10%        N/A       80%         4
 Dispel Undead            Necr           5%         3d7       80%         4
 Leda's Liquefaction      Hex/Erth       2%         N/A       80%         4
 Summon Lightning Spire   Summ/Air       5%         N/A       80%         4
 Irradiate                Conj/Tmut      8%         3d14      80%         5
 Lightning Bolt           Conj/Air       7%         1d19      85%         5
 Lee's Rapid Deconstruct  Erth           2%         3d5*      98%         5
 Metabolic Englaciation   Hex/Ice        2%         N/A       98%         5
 Simulacrum               Ice/Necr       2%         N/A       100%        6
 Statue Form              Tmut/Erth      4%         N/A       100%        6
 Ignition                 Fire           2%         3d3       100%        8
 Lehudib's Crystal Spear  Conj/Erth      7%         10d3      100%        8


Dungeon Overview and Level Annotations

Branches:
Dungeon (12/15)            Temple (1/1) D:5            Lair (2/5) D:8
 Spider (0/4) Lair:2          Orc (0/2) D:9         Gauntlet (1/1)
  Swamp: Lair:2-3    Shoals: Lair:2-3

Altars:
Ashenzari
Cheibriados
Dithmenos
Fedhas
Gozag
Hepliaklqana
Kikubaaqudgha
Makhleb
Nemelex Xobeh
Okawaru
Qazlal
Ru
Sif Muna
Trog
Uskayaw
Vehumet
Wu Jian
Xom
Yredelemnul

Shops:
D:1 [   D:9 ?((![   D:10 ?((=

Annotations:
D:3 3 runed translucent doors, PyroL's ghost, amateur TrFi Gauntlet 8 transporters, 17 runed translucent doors, exclusion: oklob plant


Innate Abilities, Weirdness & Mutations

You have a pair of horns on your head.
You regenerate health from kills.
Your magical and physical power is slightly enhanced at high health.
When seriously injured, your blood forms very thick armour. (AC +12)
A meltable shield of frost defends you. (SH +4)


Message History

You feel much better. The worldbinder completely misses you.
The worldbinder hits you but does no damage.
The goliath frog closely misses you. The bog body barely misses you.
The worldbinder calls forth creatures from the Swamp!
Blink to where?
Press: ? - help, Dir - move target
As you read the scroll of blinking, it crumbles to dust.
The bog body gestures at you while chanting.
The bolt of cold misses you.
Press: ? - help, v - describe, . - travel
Here: a bog body (summoned)
The floor.
Press: ? - help, v - describe, . - travel
Here: a goliath frog (heavily wounded, summoned, very poisoned)
An open translucent gate.
Unknown command.
Okay, then.
Blink to where?
Press: ? - help, Dir - move target
As you read the scroll of blinking, it crumbles to dust.
The bog body disappears in a puff of smoke!
The worldbinder calls forth creatures from the Swamp!
The goliath frog hits you from afar.
* * * LOW HITPOINT WARNING * * *
You are splashed with acid.
You resist.
* * * LOW HITPOINT WARNING * * *
The goliath frog hits you from afar.
* * * LOW HITPOINT WARNING * * *
The acid corrodes you!
You are splashed with acid.
You resist.
* * * LOW HITPOINT WARNING * * *
The bog body closely misses you.
You enter the transporter and appear at another place.
The goliath frog disappears in a puff of smoke!
The bog body barely misses you.
You feel better. The bog body touches you.
* * * LOW HITPOINT WARNING * * *
The bog body freezes you!
* * * LOW HITPOINT WARNING * * *
The bog body touches you.
You die...

#≈.............≈.............≈...
#∩............≈8≈...........≈8≈..
#≈...........§.§.............≈...
#..###########...###########...##
#..#...#.#...#...#...+..+..#...#.
#..#..#..^#..#...#...+..+^.#...#.
#..#?##...##.#####=.##++#++#####.
#..#..##.#..##...#F.'...+..#...#.
#..#©.#^©^...#©n@#x.'...#.©#©.©#©
#..#[.##.#..##...#..§...'§.#...#.
#..#[##..^##.#####..##++#++#####.
#..#..#...#..#...#...+..+^.#...#.
#..#...#.#...#.8.#...+..+..#.8.#.
#..###########...###########...##
#................................
#≈...............................
#################################


You could see a goliath frog (summoned), a worldbinder and a bog body
(summoned).

Vanquished Creatures
  A boulder beetle (D:12)
  3 two-headed ogres
  Pikel (D:3)
  A wizard (D:10)
  A cyclops (D:11)
  A manticore (D:12)
  Maurice (D:12)
  3 cane toads
  An unseen horror (D:11)
  3 komodo dragons
  6 trolls
  2 polar bears (Lair:1)
  4 slime creatures (D:11)
  2 vampires
  3 wyverns
  4 wraiths
  31 yaks
  2 basilisks (Lair:1)
  3 steam dragons
  2 vampire mosquitoes (D:11)
  2 acid dragons (D:8)
  6 water moccasins
  3 black bears
  2 sky beasts (D:7)
  2 ice beasts (D:6)
  3 orc warriors
  A boggart (Gauntlet)
  An ogre (D:5)
  A centaur (D:10)
  2 lemures (D:3)
  A phantom (D:7)
  7 kobold brigands
  9 bullfrogs
  A gnoll sergeant (D:6)
  2 scorpions
  5 wights (D:8)
  25 killer bees
  4 electric eels (D:8)
  3 howler monkeys
  8 hounds
  A jelly (D:7)
  4 orc priests
  An iguana (D:4)
  2 orc wizards
  17 gnolls
  7 adders
  A white imp (D:7)
  An ufetubus (D:5)
  3 worms
  10 dart slugs
  31 orcs
  5 endoplasms
  4 giant cockroaches
  8 goblins
  5 hobgoblins
  6 jackals (D:5)
  21 kobolds
  2 quokkas (D:1)
  5 ball pythons
  9 bats
  5 frilled lizards
  3 rats (D:2)
314 creatures vanquished.

Vanquished Creatures (others)
  A raiju (Gauntlet)
  A necrophage (D:7)
  A gnoll bouda (D:7)
  4 fungi
  2 plants
9 creatures vanquished.

Grand Total: 323 creatures vanquished

Notes
Turn   | Place    | Note
-------+----------+-------------------------------------------
     0 | D:1      | ASSMAN the Demonspawn Venom Mage began the quest for the
                  | Orb.
     0 | D:1      | Reached XP level 1. HP: 13/13 MP: 3/3
    47 | D:1      | Found Pitzaoco's Armour Shop.
   350 | D:1      | Gained mutation: You have a pair of small horns on your
                  | head. [demonic ancestry]
   350 | D:1      | Reached XP level 2. HP: 19/19 MP: 1/5
  1169 | D:2      | Found a shimmering altar of Xom.
  1189 | D:2      | Gained mutation: When seriously injured, your blood forms
                  | armour. (AC +12) [demonic ancestry]
  1189 | D:2      | Reached XP level 3. HP: 24/24 MP: 0/7
  1396 | D:2      | Reached XP level 4. HP: 20/30 MP: 1/10
  1493 | D:2      | Learned a level 2 spell: Poisonous Vapours
  2466 | D:3      | Found a runed translucent gate.
  2466 | D:3      | Found a runed translucent gate.
  2467 | D:3      | Found an opulent altar of Gozag.
  2467 | D:3      | Found a runed translucent gate.
  2468 | D:3      | Noticed PyroL's ghost (amateur TrFi)
  2510 | D:3      | Learned a level 3 spell: Mephitic Cloud
  2515 | D:3      | Learned a level 4 spell: Olgreb's Toxic Radiance
  2669 | D:3      | Found a hide-covered altar of Uskayaw.
  2669 | D:3      | Found a sacrificial altar of Ru.
  2669 | D:3      | Found a hazy altar of Hepliaklqana.
  2821 | D:3      | Gained mutation: When seriously injured, your blood forms
                  | thick armour. (AC +12) [demonic ancestry]
  2821 | D:3      | Reached XP level 5. HP: 24/35 MP: 2/12
  2954 | D:3      | Reached skill level 5 in Spellcasting
  3653 | D:4      | Reached XP level 6. HP: 36/41 MP: 9/13
  3663 | D:4      | Reached skill level 5 in Poison Magic
  3782 | D:4      | Noticed Pikel
  3890 | D:3      | Killed Pikel
  3891 | D:3      | Gained mutation: You have a pair of horns on your head.
                  | [demonic ancestry]
  3891 | D:3      | Reached XP level 7. HP: 21/46 MP: 1/14
  4374 | D:5      | Entered Level 5 of the Dungeon
  4746 | D:5      | Gained mutation: You regenerate a little health from kills.
                  | [demonic ancestry]
  4746 | D:5      | Reached XP level 8. HP: 52/52 MP: 5/15
  4839 | D:5      | Found a staircase to the Ecumenical Temple.
  5248 | Temple   | Entered the Ecumenical Temple
  5405 | Temple   | Became a worshipper of Sif Muna the Loreminder
  5883 | D:6      | Reached skill level 10 in Poison Magic
  6019 | D:6      | Reached skill level 1 in Fighting
  6019 | D:6      | Reached skill level 1 in Unarmed Combat
  6498 | D:7      | Gained mutation: A meltable shield of frost defends you.
                  | (SH +4) [demonic ancestry]
  6498 | D:7      | Reached XP level 9. HP: 56/63 MP: 13/16
  6530 | D:7      | Reached * piety under Sif Muna
  6671 | D:7      | Found an opulent altar of Gozag.
  7691 | D:8      | Reached skill level 5 in Fighting
  7840 | D:8      | Found a staircase to the Lair.
  7900 | D:8      | Reached skill level 5 in Unarmed Combat
  7935 | D:8      | Found a shadowy altar of Dithmenos.
  8125 | D:9      | Reached ** piety under Sif Muna
  8190 | D:9      | Found Diuruc's Armour Shoppe.
  8217 | D:9      | Found Geuloav's Weapon Shoppe.
  8227 | D:9      | Found Plog's Antique Weapon Shop.
  8329 | D:9      | Gained mutation: When seriously injured, your blood forms
                  | very thick armour. (AC +12) [demonic ancestry]
  8329 | D:9      | Reached XP level 10. HP: 61/77 MP: 12/17
  8509 | D:9      | Found Sucsots's Magic Scroll Emporium.
  8538 | D:9      | Found a staircase to the Orcish Mines.
  8688 | D:9      | Found a snail-covered altar of Cheibriados.
  8749 | D:9      | Found Bidowy's Distillery.
  8845 | D:10     | Entered Level 10 of the Dungeon
  8859 | D:10     | Found Ovet Bij's Jewellery Boutique.
  8873 | D:10     | Found Zaco's Weapon Boutique.
  8882 | D:10     | Found Sihaops's Weapon Emporium.
  8986 | D:10     | Reached *** piety under Sif Muna
  9058 | D:10     | Noticed a wizard
  9064 | D:10     | Killed a wizard
  9235 | D:10     | Found Atuonag's Magic Scroll Boutique.
  9264 | D:10     | Found a basalt altar of Yredelemnul.
  9801 | D:8      | Found a broken altar of Ashenzari.
  9848 | D:8      | Found a radiant altar of Vehumet.
 10001 | D:8      | Reached skill level 1 in Invocations
 10001 | D:8      | Gained mutation: Your magical and physical power is
                  | slightly enhanced at high health. [demonic ancestry]
 10001 | D:8      | Reached XP level 11. HP: 89/89 MP: 13/18
 11229 | D:11     | Noticed a two-headed ogre
 11242 | D:11     | Killed a two-headed ogre
 11357 | D:11     | Noticed a two-headed ogre
 11366 | D:11     | Killed a two-headed ogre
 11367 | D:11     | Reached skill level 10 in Fighting
 11568 | D:11     | Reached skill level 5 in Invocations
 11650 | D:11     | Reached skill level 1 in Armour
 11658 | D:11     | Reached **** piety under Sif Muna
 12397 | D:12     | Noticed Maurice
 12408 | D:12     | Killed Maurice
 12499 | D:12     | Noticed a two-headed ogre
 12504 | D:12     | Reached skill level 10 in Unarmed Combat
 12506 | D:12     | Noticed a boulder beetle
 12507 | D:12     | Killed a two-headed ogre
 12521 | D:12     | Killed a boulder beetle
 12522 | D:12     | Gained mutation: You regenerate health from kills. [demonic
                  | ancestry]
 12522 | D:12     | Reached XP level 12. HP: 58/97 MP: 1/19
 13191 | D:1      | Bought the +0 chain mail of the Vaults {Contam rN++ Will+
                  | Slay+6} for 472 gold pieces
 13384 | Lair:1   | Entered Level 1 of the Lair of Beasts
 13493 | Lair:1   | Reached skill level 1 in Conjurations
 13743 | D:1      | Bought a +2 cloak of poison resistance for 185 gold pieces
 14371 | Lair:1   | Reached skill level 5 in Armour
 14772 | Lair:2   | Found a gate leading to a gauntlet.
 14798 | Gauntlet | Entered a Gauntlet
 14798 | Gauntlet | Found a transporter.
 14798 | Gauntlet | Found a transporter.
 14798 | Gauntlet | Found a transporter.
 14798 | Gauntlet | Found a transporter.
 14907 | Gauntlet | Found a transporter.
 14917 | Gauntlet | Found a transporter.
 14921 | Gauntlet | Found a transporter.
 14931 | Gauntlet | Found a transporter.
 14938 | Gauntlet | Noticed a blizzard demon
 14952 | Gauntlet | Found a transporter.
 14954 | Gauntlet | Noticed a dire elephant
 14957 | Gauntlet | Found a transporter.
 14963 | Gauntlet | Found a runed translucent gate.
 14964 | Gauntlet | Found a large runed translucent door.
 14964 | Gauntlet | Found a large runed translucent door.
 14965 | Gauntlet | Found a large runed translucent door.
 14966 | Gauntlet | Found a large runed translucent door.
 14967 | Gauntlet | Found a large runed translucent door.
 14967 | Gauntlet | Found a large runed translucent door.
 14967 | Gauntlet | Found a runed translucent door.
 14968 | Gauntlet | Found a large runed translucent door.
 14969 | Gauntlet | Found a large runed translucent door.
 14976 | Gauntlet | Found a transporter.
 14976 | Gauntlet | Found a runed translucent gate.
 14977 | Gauntlet | Found a runed translucent door.
 14977 | Gauntlet | Found a runed translucent gate.
 14978 | Gauntlet | Found a large runed translucent door.
 14978 | Gauntlet | Found a large runed translucent door.
 14978 | Gauntlet | Found a large runed translucent door.
 14978 | Gauntlet | Found a large runed translucent door.
 15013 | Gauntlet | Found a large runed translucent door.
 15013 | Gauntlet | Found a large runed translucent door.
 15016 | Gauntlet | Found a large runed translucent door.
 15016 | Gauntlet | Found a large runed translucent door.
 15019 | Gauntlet | Found a transporter.
 15176 | Gauntlet | HP: 2/97 [bog body[a worldbinder] (24)]
 15181 | Gauntlet | HP: 1/97 [bog body[a worldbinder] (17)]
 15181 | Gauntlet | Slain by a bog body

Illustrated notes

Levels and vault maps discovered:
D:1:      wander_arrival_chamber, layout_basic, serial_shops,
          nicolae_shop_waterfront
D:2:      layout_basic, basic_altar
D:3:      kennysheep_slugbush, layout_basic, mainiacjoe_overflow_tiny_flanked,
          gammafunk_temple_overflow_claw, ebering_ghost_gozag
D:4:      layout_cave_pools, chequers_serial_rivers_small_b, uniq_pikel
D:5:      layout_loops_ring, minmay_temple_entry_mini_moons,
          hangedman_decor_clover_reticule
D:6:      layout_basic, dk_rats_in_the_wall
D:7:      minmay_angry_zag, layout_loops_ring, zin_academy,
          grunt_gozag_breadcrumbs, minmay_misc_feat_rugged, dreamdust_gnoll_farm
D:8:      nicolae_moon_pools, layout_rooms, kennysheep_mini,
          vehumet_altar_wand_db, grunt_dithmenos_smoke
D:9:      layout_cross, cheibrodos_worm_habitat, david_orc_2, serial_shops,
          nicolae_diamond_shop, nicolae_take_the_stairs,
          nicolae_shop_behind_doors, nicolae_shop_crystal, shop
D:10:     layout_roguey, tso_altar, mainiacjoe_overflow_paths, serial_shops,
          nicolae_shop_hallway_plus, shop_statue, nicolae_shop_crystal, shop
D:11:     layout_stronghold
D:12:     layout_long_grid, minmay_unpleasant_kobolds, uniq_maurice
Temple:   chequers_temple_sunken
Lair:1:   layout_concentric_octagons
Lair:2:   layout_gridlike, nicolae_spider_entry_tight_spaces,
          gauntlet_entry_generic, minmay_lair_oklob_bushes, uniq_sonja,
          uniq_maggie
Gauntlet: gammafunk_gauntlet_hard_choice [nicolae_gauntlet_arena_grate_2,
          gammafunk_gauntlet_arena_crates,
          minmay_gauntlet_arena_make_your_own_arena,
          gammafunk_gauntlet_arena_mazey, gammafunk_gauntlet_arena_chambers,
          gammafunk_gauntlet_arena_corners, gauntlet_exit_green]

Skill      XL: |  1  2  3  4  5  6  7  8  9 10 11 12 |
---------------+-------------------------------------+-----
Spellcasting   | 3 4 5 |  5.0
Poison Magic   | 4 7 8 10 | 10.0
Fighting       | 3 6 9 10 | 10.0
Unarmed Combat | 2 6 8 10 | 10.0
Invocations    | 1 7 9 |  9.8
Armour         | 4 5 |  5.8
Conjurations   | 4 |  4.2
Dodging        | |  1.7
Stealth        | |  1.7
Transmutations | |  0.8

Action                     |  1- 3 |  4- 6 |  7- 9 | 10-12 || total
---------------------------+-------+-------+-------+-------++-------
  Melee: Unarmed           |    11 |       |   171 |   291 ||   473
         Headbutt          |     4 |    19 |    61 |    74 ||   158
         Whip              |     1 |    60 |       |       ||    61
         Trident           |       |    48 |   107 |       ||   155
         Punch             |       |     1 |     6 |    30 ||    37
         Staff             |       |       |    34 |    26 ||    60
   Cast: Sting             |    67 |   102 |    15 |    20 ||   204
         Poisonous Vapours |       |     8 |     7 |       ||    15
         Olgreb's Toxic Ra |       |       |    38 |    94 ||   132
         Mephitic Cloud    |       |       |       |     2 ||     2
    Use: Potion            |     1 |     5 |     2 |     4 ||    12
         Scroll            |       |       |    14 |     6 ||    20
   Stab: Sleeping          |       |     1 |     6 |       ||     7
 Armour: Robe              |    15 |    71 |   150 |    73 ||   309
         Acid dragon scale |       |       |       |    54 ||    54
  Dodge: Dodged            |    40 |   146 |   206 |   207 ||   599
  Block: Other             |       |       |    22 |    50 ||    72

Table legend: (Time is in decaauts)
 A = Elapsed time spent in this place.
 B = Non-inter-level travel time spent in this place.
 C = Inter-level travel time spent in this place.
 D = Time resting spent in this place.
 E = Time spent auto-exploring this place.
 F = Levels seen in this place.
 G = Mean time per level.
                   A        B        C        D        E       F      G
               +--------+--------+--------+--------+--------+-----+--------+
         Total |  15361 |  13951 |   1410 |    784 |  10863 |  16 |  960.1 |
       Dungeon |  13610 |  12284 |   1326 |    716 |   9599 |  12 | 1134.2 |
        Temple |    227 |    197 |     30 |      0 |    190 |   1 |  227.0 |
          Lair |   1138 |   1085 |     53 |     49 |    813 |   2 |  569.0 |
      Gauntlet |    384 |    384 |      0 |     19 |    260 |   1 |  384.0 |
               +--------+--------+--------+--------+--------+-----+--------+

Top non-repeatable levels by time:
     D:3: 1708 daAuts
    D:11: 1376 daAuts
     D:1: 1316 daAuts
     D:2: 1242 daAuts
     D:7: 1200 daAuts
    D:12: 1165 daAuts
     D:5: 1087 daAuts
  Lair:1: 1083 daAuts
     D:8: 1081 daAuts
    D:10: 981 daAuts
     D:6: 903 daAuts
     D:9: 868 daAuts
     D:4: 678 daAuts
Gauntlet: 384 daAuts
  Temple: 227 daAuts
